 Dungeon Crawl Stone Soup version 0.29-a0-911-g88e6f02907 (webtiles) character file.

Game seed: 18357579976813082162

28 Aviak the Magician (level 3, 0/25 HPs)
             Began as a Djinni Summoner on July 25, 2022.
             Slain by Terence
             ... wielding a +0 flail
              (5 damage)
             ... on level 2 of the Dungeon.
             The game lasted 00:01:36 (1847 turns).

Aviak the Magician (Djinni Summoner)                Turns: 1847, Time: 00:01:37

Health: 0/25       AC:  6    Str:  7    XL:     3   Next: 30%
Gold:   149        EV: 10    Int: 21    God:
                   SH:  0    Dex: 13

rFire   + + .      SeeInvis .   n - +0 trident
rCold   + . .      Faith    .   (no shield)
rNeg    . . .      Spirit   .   k - +0 ring mail
rPois   ∞          Reflect  .   (no helmet)
rElec   .          Harm     .   (no cloak)
rCorr   .          Rampage  .   o - +0 pair of gloves
Will    .....                   (boots unavailable)
Stlth   ..........              (no amulet)
HPRegen 0.08/turn               m - ring "Vapowal" {rC++ MP+9 Int+3 Stlth-}
MPRegen 0.00/turn               (no ring)

@: flying, very slightly contaminated
A: sickness immunity, fire resistance 2, cold vulnerability 1, float, innate
caster, HP casting, extra vitality 1
a: no special abilities


You were on level 2 of the Dungeon.
You visited 1 branch of the dungeon, and saw 2 of its levels.

You collected 149 gold pieces.

Inventory:

Hand Weapons
 b - a +0 lajatang
 n - a +0 trident (weapon)
Armour
 a - a +0 robe
 k - a +0 ring mail (worn)
 o - a +0 pair of gloves (worn)
Jewellery
 m - the ring "Vapowal" (left hand) {rC++ MP+9 Int+3 Stlth-}
   (You found it on level 2 of the Dungeon)

   [ring of magical power]

   Int:       It affects your intelligence (+3).
   rC:        It greatly protects you from cold.
   MP:        It affects your magic capacity (+9).
   Stlth:     It makes you less stealthy.
Scrolls
 d - a scroll of identify {unknown}
 e - 2 scrolls of blinking {unknown}
 f - a scroll of summoning {unknown}
 g - a scroll of fog {unknown}
 i - a scroll of amnesia {unknown}
 j - 2 scrolls of teleportation {unknown}
 l - a scroll of torment {unknown}
Potions
 c - a potion of cancellation {unknown}
 h - a potion of curing {unknown}


   Skills:
 + Level 3.1 Dodging
 - Level 1.5 Stealth
 + Level 3.6 Spellcasting


You couldn't memorise any spells.
You knew the following spells:

 Your Spells              Type           Power      Damage    Failure   Level
a - Summon Small Mammal   Summ           76%        N/A       10%         1
b - Call Imp              Summ           19%        N/A       16%         2
c - Call Canine Familiar  Summ           19%        N/A       30%         3
d - Summon Guardian Gole  Hex/Summ       19%        N/A       30%         3
e - Summon Lightning Spi  Summ/Air       19%        N/A       69%         4
f - Freeze                Ice            76%        1d9       10%         1
Your spell library was empty.

Dungeon Overview and Level Annotations

Branches:
Dungeon (2/15) Zot: 10130

Altars:

Annotations:
D:2 Terence


Innate Abilities, Weirdness & Mutations

You are immune to sickness and miasma.
You are immune to poison.
Your flesh is very heat resistant. (rF++)
You are vulnerable to cold. (rC-)
You float through the air rather than walking.
You learn spells naturally, not from books.
Your magical power is your life essence.
You have superior vitality. (+4 MHP)


Message History

Your quokka bites Terence but does no damage.
Your white imp hits Terence but does no damage.
Terence hits you with a +0 flail.
You hit Terence but do no damage.
Terence is heavily wounded.
Your quokka barely misses Terence.
Your white imp hits Terence but does no damage.
Your quokka bites Terence but does no damage.
Terence barely misses your white imp.
You hit Terence but do no damage.
Terence is heavily wounded.
Your white imp hits Terence but does no damage.
Your quokka bites Terence but does no damage.
Terence hits your white imp with a +0 flail.
Your white imp dies!
Your white imp disappears in a puff of smoke!
Terence shouts!
Casting: Summon Small Mammal (safe; 10% risk of failure)
Confirm with . or Enter, or press ? or * to list all spells.
You miscast Call Imp.
You are very lightly contaminated with residual magic.
Nothing appears to happen.
* * * LOW HITPOINT WARNING * * *
Your quokka bites Terence but does no damage.
Terence closely misses you.
Your quokka bites Terence.
You closely miss Terence.
Terence is severely wounded.
Terence hits you but does no damage.
Your quokka bites Terence.
You hit Terence but do no damage.
Terence is severely wounded.
Terence hits you with a +0 flail.
* * * LOW HITPOINT WARNING * * *
Your quokka bites Terence but does no damage. x2
Terence barely misses your quokka.
Unknown command.
You hit Terence but do no damage.
Terence is severely wounded.
Your quokka bites Terence but does no damage.
Terence hits you with a +0 flail.
You die...

##............#
#.#####....#.#
...# ##.#.#.#
...# #.#.#.#
..## #.#.#.# .#
#.#.#.# ###
#.#.#!# #.#
#.#.#######.##
#.#
#...@@....>#
..#
##...r....##
..# #........#
..# #........#
..# #........#
..# #........#
.## #........#
.# ##########
.#


You could see Terence (ally target) and a friendly quokka (summoned).

Vanquished Creatures
  A worm (D:2)
  2 ball pythons (D:2)
  3 endoplasms (D:2)
  A goblin (D:2)
  2 hobgoblins
  2 jackals (D:1)
  A quokka (D:2)
  4 bats (D:2)
  2 kobolds (D:2)
  2 rats (D:1)
20 creatures vanquished.

Vanquished Creatures (collateral kills)
  A hobgoblin (D:2)
  A bat (D:2)
  A frilled lizard (D:1)
3 creatures vanquished.

Grand Total: 23 creatures vanquished

Notes
Turn   | Place    | Note
-------+----------+-------------------------------------------
     0 | D:1      | Aviak the Djinni Summoner began the quest for the Orb.
     0 | D:1      | Aviak set off with the following spells memorised: Summon
                  | Small Mammal, Call Imp, Call Canine Familiar, Summon
                  | Guardian Golem, Summon Lightning Spire.
     0 | D:1      | Reached XP level 1. HP: 15/15 MP: 0/0
   833 | D:1      | Reached XP level 2. HP: 12/21 MP: 0/0
  1238 | D:2      | Identified the ring "Vapowal" {rC++ MP+9 Int+3 Stlth-}
  1467 | D:2      | Reached XP level 3. HP: 17/25 MP: 0/0
  1467 | D:2      | Learned a level 1 spell: Freeze
  1831 | D:2      | Noticed Terence
  1847 | D:2      | Slain by Terence

Illustrated notes

Levels and vault maps discovered:
D:1:      mrwooster_arrival_statue_3, layout_basic, minmay_misc_feat_tower,
          hex_large, kennysheep_small_spiral
D:2:      layout_basic, minmay_misc_feat_alley, grunt_ministairs_12,
          uniq_terence

Skill      XL: |  1  2 |
---------------+-------+-----
Dodging        | 3 |  3.1
Stealth        | |  1.5
Spellcasting   | |  3.6

Action                   || total
-------------------------++-------
Melee: Lajatang          ||    33
       Trident           ||    35
 Cast: Summon Small Mamm ||     5
       Call Imp          ||     2
 Stab: Sleeping          ||     1
       Distracted        ||     1
Armor: Robe              ||     8
       Ring mail         ||    19
Dodge: Dodged            ||    45

Table legend: (Time is in decaauts)
 A = Elapsed time spent in this place.
 B = Non-inter-level travel time spent in this place.
 C = Inter-level travel time spent in this place.
 D = Time resting spent in this place.
 E = Time spent auto-exploring this place.
 F = Levels seen in this place.
 G = Mean time per level.
                   A        B        C        D        E       F      G
               +--------+--------+--------+--------+--------+-----+--------+
         Total |   1868 |   1859 |      9 |      0 |   1639 |   2 |  934.0 |
       Dungeon |   1868 |   1859 |      9 |      0 |   1639 |   2 |  934.0 |
               +--------+--------+--------+--------+--------+-----+--------+

Top non-repeatable levels by time:
     D:1: 1060 daAuts
     D:2: 808 daAuts
